 Dungeon Crawl Stone Soup version 0.29.1-15-g9cfb28693d (webtiles) character file.

Game seed: 15249815304055650246

662 Eitelfritz the Chopper (level 7, -7/61 HPs)
             Began as a Hill Orc Fighter on Apr 1, 2023.
             Killed by nerve-wracking pain
             ... invoked by Menkaure
              (10 damage)
             ... on level 5 of the Dungeon.
             The game lasted 00:06:08 (3823 turns).

Eitelfritz the Chopper (Hill Orc Fighter)           Turns: 3823, Time: 00:06:10

Health: -7/61      AC: 14    Str: 21    XL:     7   Next: 56%
Magic:  7/7        EV: 11    Int:  8    God:
Gold:   172        SH:  4    Dex: 10    Spells: 6/6 levels left

rFire   . . .      SeeInvis +   a - +0 war axe
rCold   . . .      Faith    .   c - +0 buckler
rNeg    . . .      Spirit   .   n - +0 chain mail
rPois   .          Reflect  .   k - +0 helmet
rElec   .          Harm     .   w - +2 cloak
rCorr   .          Rampage  .   (no gloves)
Will    .....                   (no boots)
Stlth   ..........              (no amulet)
HPRegen 0.20/turn               e - ring of see invisible
MPRegen 0.10/turn               i - +4 ring of evasion

@: no status effects
A: no striking features
a: no special abilities


You were on level 5 of the Dungeon.
You visited 2 branches of the dungeon, and saw 6 of its levels.

You collected 172 gold pieces.

Inventory:

Hand Weapons
 a - a +0 war axe (weapon)
 b - a +0 sling
 u - a +0 flail
Missiles
 s - a throwing net (quivered)
 C - 4 poisoned darts
Armour
 c - a +0 buckler (worn)
 k - a +0 helmet (worn)
 n - a +0 chain mail (worn)
 w - a +2 cloak (worn)
Jewellery
 e - a ring of see invisible (left hand)
 i - a +4 ring of evasion (right hand)
 q - a ring of wizardry
Wands
 o - a wand of acid (9)
 B - a wand of polymorph (3)
Scrolls
 g - 4 scrolls of teleportation
 l - 3 scrolls of vulnerability
 m - a scroll of blinking
Potions
 d - 3 potions of might
 f - 3 potions of lignification
 h - a potion of ambrosia {unknown}
 r - a potion of invisibility
 t - 2 potions of berserk rage {unknown}
 v - 2 potions of brilliance


   Skills:
 + Level 5.3 Fighting
 + Level 7.3 Axes
 + Level 5.1 Armour
 + Level 1.4 Dodging
 + Level 0.8 Stealth
 + Level 4.1 Shields


You had 6 spell levels left.
You didn't know any spells.
Your spell library contained the following spells:

 Spells                   Type           Power      Damage    Failure   Level
 Magic Dart               Conj           0%         1d3       99%         1
 Searing Ray              Conj           0%         2d4       100%        2
 Frozen Ramparts          Ice            0%         1d1       100%        3
 Fulminant Prism          Conj/Hex       0%         3d6       100%        4
 Ice Form                 Ice/Tmut       0%         N/A       100%        4
 Summon Ice Beast         Ice/Summ       0%         N/A       100%        4
 Summon Forest            Summ/Tloc      0%         N/A       100%        5
 Summon Mana Viper        Hex/Summ       0%         N/A       100%        5
 Summon Cactus Giant      Summ           0%         N/A       100%        6


Dungeon Overview and Level Annotations

Branches:
Dungeon (5/15)             Temple (1/1) D:5

Altars:
Cheibriados
Dithmenos
Fedhas
Hepliaklqana
Kikubaaqudgha
Nemelex Xobeh
Okawaru
Ru
Trog
Uskayaw
Xom
Yredelemnul

Annotations:
D:5 Menkaure


Message History

You barely miss the adder. The adder closely misses you.
You slash Menkaure!
Menkaure is severely damaged.
You closely miss the adder. The adder bites you but does no damage.
Menkaure hits you! The adder bites you.
You are poisoned.
The adder poisons you!
You hit Menkaure.
Menkaure is severely damaged.
You closely miss the adder.
You feel sick. The adder closely misses you.
Menkaure casts a spell.
Menkaure seems to speed up.
The adder misses you.
You hit Menkaure.
Menkaure is severely damaged.
You closely miss the adder.
You feel sick. Menkaure hits you!
* * * LOW HITPOINT WARNING * * *
The adder barely misses you.
Menkaure calls on the powers of darkness!
The adder convulses!
Your body is wracked with pain!
* * * LOW HITPOINT WARNING * * *
You feel better. The adder bites you but does no damage.
Menkaure points at you and mumbles some strange words.
Pain shoots through your body!
* * * LOW HITPOINT WARNING * * *
Okay, then.
Unknown command.
You hit Menkaure but do no damage.
Menkaure is severely damaged.
You hit the adder. The adder bites you but does no damage.
Menkaure calls on the powers of darkness!
Your body is wracked with pain!
* * * LOW HITPOINT WARNING * * *
The adder bites you but does no damage. Menkaure hits you but does no damage.
You hit Menkaure.
Menkaure is almost destroyed.
You hit the adder.
You kill the adder!
Menkaure gestures at you while chanting.
Pain shoots through your body!
You die...

. ###..##......... #
###....##.........
#.................
##.#...#...........
#..#...#...........
########.#..#.#.#.....S...
.............###..........
####......#...#.†M#..#.###
#..........#....@#......#
#.###...#####.>.#####M..#
#.#####....#.....# ...#
..........#...#...# M##
#...#####....###.... .#
###.### ##..# #..## #...#
##. .... ###.# ## #####
#†#


You could see Menkaure (fast).

Vanquished Creatures
  A water moccasin (D:5)
  A phantom (D:5)
  A bullfrog (D:5)
  A necrophage (D:5)
  A scorpion (D:4)
  A hound (D:5)
  An orc priest (D:5)
  Ijyb (D:5)
  An iguana (D:4)
  An orc wizard (D:4)
  3 gnolls (D:5)
  6 adders
  2 dart slugs
  15 orcs
  7 endoplasms
  2 giant cockroaches (D:1)
  3 hobgoblins
  4 ball pythons
  4 bats
  3 frilled lizards
  6 goblins
  5 kobolds
  3 rats
73 creatures vanquished.

Vanquished Creatures (others)
  4 toadstools (D:1)
4 creatures vanquished.

Grand Total: 77 creatures vanquished

Notes
Turn   | Place    | Note
-------+----------+-------------------------------------------
     0 | D:1      | Eitelfritz the Hill Orc Fighter began the quest for the
                  | Orb.
     0 | D:1      | Reached XP level 1. HP: 19/19 MP: 1/1
    21 | D:1      | Reached XP level 2. HP: 22/27 MP: 2/2
    82 | D:1      | Found a faded altar of an unknown god.
   322 | D:1      | Reached skill level 3 in Axes
   634 | D:2      | Reached XP level 3. HP: 31/33 MP: 3/3
   930 | D:2      | Reached XP level 4. HP: 41/41 MP: 4/4
  1918 | D:4      | Noticed a scorpion
  1926 | D:4      | Killed a scorpion
  1927 | D:4      | Reached skill level 4 in Axes
  1927 | D:4      | Reached skill level 1 in Dodging
  1927 | D:4      | Reached XP level 5. HP: 47/47 MP: 5/5
  2115 | D:4      | Found a sparkling altar of Nemelex Xobeh.
  2496 | D:4      | Found an iron altar of Okawaru.
  2941 | D:4      | Reached skill level 5 in Axes
  3056 | D:5      | Entered Level 5 of the Dungeon
  3096 | D:5      | Reached XP level 6. HP: 50/55 MP: 6/6
  3193 | D:5      | Reached skill level 5 in Fighting
  3288 | D:5      | Noticed Ijyb
  3292 | D:5      | Killed Ijyb
  3293 | D:5      | Reached skill level 6 in Axes
  3633 | D:5      | Noticed a water moccasin
  3655 | D:5      | Killed a water moccasin
  3656 | D:5      | Reached XP level 7. HP: 53/61 MP: 7/7
  3773 | D:5      | Reached skill level 7 in Axes
  3773 | D:5      | Reached skill level 5 in Armour
  3793 | D:5      | Found a staircase to the Ecumenical Temple.
  3801 | Temple   | Entered the Ecumenical Temple
  3808 | D:5      | Noticed Menkaure
  3822 | D:5      | HP: 3/61 [??? (1)]
  3823 | D:5      | Killed from afar by Menkaure

Illustrated notes

Levels and vault maps discovered:
D:1:      ldierk_walled_garden_2, layout_basic,
          shapermc_ecumenical_altar_acropolis, minmay_stone_trees_medium
D:2:      layout_rooms
D:3:      layout_rooms, minmay_box_of_dots
D:4:      layout_basic, mainiacjoe_overflow_large_starburst
D:5:      kb_forest_paths, layout_basic, minmay_temple_entry_arrows,
          uniq_menkaure, uniq_ijyb
Temple:   hellmonk_temple_micro_hex

Skill      XL: |  1  2  3  4  5  6  7 |
---------------+----------------------+-----
Fighting       | 4 5 |  5.3
Axes           | 3 4 5 6 7 |  7.3
Dodging        | 1 |  1.4
Armour         | 4 5 |  5.1
Shields        | 4 |  4.1
Stealth        | |  0.8

Action                   |  1- 3 |  4- 6 |  7- 9 || total
-------------------------+-------+-------+-------++-------
Melee: War axe           |    66 |   148 |    18 ||   232
  Use: Scroll            |       |    13 |       ||    13
       Potion            |       |       |     1 ||     1
Armor: Scale mail        |    31 |    33 |       ||    64
       Chain mail        |       |    22 |    12 ||    34
Dodge: Dodged            |    46 |    81 |    10 ||   137
Block: Buckler           |    18 |    38 |     1 ||    57
